 Dungeon Crawl Stone Soup version 0.28.0-53-g5a82cb258f (webtiles) character file.

Game seed: 13689652964218643598

2877 Stomo the Skirmisher (level 9, -15/50 HPs)
             Began as a Vine Stalker Monk on June 30, 2022.
             Demolished by an orc warrior
             ... wielding a +0 glaive
              (21 damage)
             ... in a bailey.
             The game lasted 00:10:45 (7334 turns).

Stomo the Skirmisher (Vine Stalker Monk)            Turns: 7334, Time: 00:10:47

Health: -15/50     AC:  8    Str: 17    XL:     9   Next: 76%
Magic:  0/16       EV: 15    Int: 10    God:
Gold:   409        SH:  0    Dex: 18    Spells: 16/16 levels left

rFire   . . .      SeeInvis .   z - +0 whip (elec)
rCold   . . .      Faith    .   (no shield)
rNeg    . . .      Spirit   +   D - +0 steam dragon scales
rPois   .          Reflect  .   e - +1 hat
rElec   .          Harm     .   u - +0 cloak
rCorr   .          Rampage  .   l - +0 pair of gloves
Will    .....                   (no boots)
Stlth   ++........              (no amulet)
HPRegen 0.96/turn               (no ring)
MPRegen 0.15/turn               (no ring)

@: weak-willed
A: fangs 3, regeneration 1, magic shield, antimagic bite, no potion heal 2
a: no special abilities


You were in a bailey.
You visited 1 branch of the dungeon, and saw 7 of its levels.
You also visited: Bailey.

You collected 409 gold pieces.

Inventory:

Hand Weapons
 a - a +0 mace
 n - a +0 flail
 z - a +0 whip of electrocution (weapon)
Armour
 b - a +0 robe
 e - a +1 hat (worn)
 l - a +0 pair of gloves (worn)
 u - a +0 cloak (worn)
 D - +0 steam dragon scales (worn)
Jewellery
 v - a ring of ice
 y - an amulet of faith
Wands
 p - a wand of digging (2)
Scrolls
 d - 2 scrolls of holy word
 f - a scroll of vulnerability
 j - 6 scrolls of identify {unknown}
 k - a scroll of immolation {unknown}
 m - a scroll of fog {unknown}
 q - 2 scrolls of brand weapon {unknown}
 t - a scroll of fear {unknown}
 w - 4 scrolls of teleportation {unknown}
 x - a scroll of blinking {unknown}
 A - 2 scrolls of enchant armour {unknown}
Potions
 c - 2 potions of resistance {unknown}
 g - 2 potions of attraction {unknown}
 h - a potion of invisibility
 i - 2 potions of haste {unknown}
 o - a potion of lignification {unknown}
 r - a potion of flight {unknown}
 s - 3 potions of degeneration {unknown}
 B - a potion of curing {unknown}
 C - a potion of might {unknown}


   Skills:
 * Level 7.1 Fighting
 * Level 7.1 Maces & Flails
 + Level 0.4 Armour
 * Level 6.4 Dodging
 - Level 2.4 Stealth
 - Level 4.2 Spellcasting


You had 16 spell levels left.
You didn't know any spells.
Your spell library contained the following spells:

 Spells                   Type           Power      Damage    Failure   Level
 Animate Skeleton         Necr           4%         N/A       26%         1
 Pain                     Necr           8%         1d4       26%         1
 Shock                    Conj/Air       8%         1d3       26%         1
 Swiftness                Air            2%         N/A       58%         3
 Vampiric Draining        Necr           2%         2d6       58%         3
 Airstrike                Air            1%         N/A       94%         4


Dungeon Overview and Level Annotations

Branches:
Dungeon (7/15)             Temple (0/1) D:7          Bailey (1/1)

Altars:
Makhleb
Xom


Innate Abilities, Weirdness & Mutations

You have razor-sharp teeth.
Your natural rate of healing is unusually fast.
When hurt, damage is shared between your health and your magic reserves.
Your bite disrupts and absorbs the magic of your enemies.
Potions cannot restore your health.


Message History

* * * LOW HITPOINT WARNING * * *
There is an open door, spattered with blood here.
There is an open door here.
You hit the orc warrior. Your bite misses the orc warrior.
The orc warrior is lightly wounded.
The orc warrior hits you with a +0 hand axe!
* * * LOW HITPOINT WARNING * * *
Unknown command.
You hit the orc warrior.
Lightning courses through the orc warrior!!
You bite the orc warrior, but do no damage.
The orc warrior is severely wounded.
The orc warrior hits you with a +0 hand axe!
* * * LOW HITPOINT WARNING * * *
Things that are here:
a +0 war axe; an orc corpse The orc warrior closely misses you.
Things that are here:
a +0 halberd; a +0 ring mail; an orc corpse
Things that are here:
a +0 halberd; a +0 ring mail The orc warrior misses you.
The orc closely misses you.
The orc warrior hits you from afar with a +0 glaive.
* * * LOW HITPOINT WARNING * * *
The orc hits you but does no damage. The orc closely misses you.
Okay, then.
As you read the scroll labelled KETILE WUBBAUMU, it crumbles to dust.
You speak a Word of immense power!
It was a scroll of holy word.
The orc warrior barely misses you. The orc hits you but does no damage.
The orc closely misses you.
The orc warrior hits you with a +0 hand axe.
* * * LOW HITPOINT WARNING * * *
The orc misses you.
The orc warrior hits you from afar with a +0 trident!
* * * LOW HITPOINT WARNING * * *
Unknown command.
As you read the scroll labelled PUT MEESHRI, it crumbles to dust.
Magic quickly surges around you.
It was a scroll of vulnerability.
The orc warrior hits you from afar with a +0 glaive!!
You die...

###o###
#.o.#
#...#
#...#
#...#
###'###
##..oo.##
#....o..#
#....o.@#
#....o)o#
#..#.#)o#
#.##8##)#
#..#.#o.#
#.....).#
#.......#
#∩.....∩#
#.......#


You could see 4 orc warriors and 4 orcs.

Vanquished Creatures
  Maggie (D:6)
  Eustachio (D:4)
  A steam dragon (D:7)
  A water moccasin (D:6)
  An orc warrior (D:7)
  An ice beast (D:5)
  3 sky beasts
  A black bear (D:5)
  A necrophage (D:5)
  3 ogres
  2 kobold brigands
  A phantom (D:5)
  A bullfrog (D:7)
  2 scorpions
  A water moccasin skeleton (D:6)
  2 howler monkeys (D:7)
  A crimson imp (D:5)
  A centaur zombie (D:6)
  2 bullfrog zombies (D:5)
  2 jellies
  2 bullfrog skeletons
  2 orc priests (D:6)
  3 hounds
  3 centaur skeletons
  2 iguanas
  A hound zombie (D:5)
  11 gnolls
  A howler monkey skeleton (D:7)
  5 adders
  A shadow imp (D:6)
  A white imp (D:5)
  An ufetubus (D:5)
  A worm (D:2)
  2 dart slugs
  17 orcs
  6 ball pythons
  5 endoplasms
  5 giant cockroaches
  10 hobgoblins
  6 jackals
  15 kobolds
  4 quokkas
  4 bats
  3 frilled lizards (D:1)
  8 goblins
  4 rats
152 creatures vanquished.

Notes
Turn   | Place    | Note
-------+----------+-------------------------------------------
     0 | D:1      | Stomo the Vine Stalker Monk began the quest for the Orb.
     0 | D:1      | Reached XP level 1. HP: 11/11 MP: 2/2
   217 | D:1      | Reached XP level 2. HP: 12/16 MP: 1/3
  1121 | D:1      | Reached XP level 3. HP: 19/20 MP: 4/4
  1363 | D:1      | Found a faded altar of an unknown god.
  2493 | D:2      | Gained mutation: Your natural rate of healing is unusually
                  | fast. [Vine Stalker growth]
  2493 | D:2      | Reached XP level 4. HP: 14/24 MP: 3/5
  2632 | D:2      | Found a shimmering altar of Xom.
  2914 | D:2      | Reached XP level 5. HP: 28/28 MP: 6/6
  3844 | D:4      | Noticed Eustachio
  4008 | D:4      | Killed Eustachio
  4009 | D:4      | Reached skill level 1 in Spellcasting
  4009 | D:4      | Reached XP level 6. HP: 14/33 MP: 3/9
  4444 | D:4      | Noticed a sky beast
  4455 | D:4      | Killed a sky beast
  4456 | D:4      | Reached XP level 7. HP: 36/38 MP: 11/11
  4630 | D:5      | Entered Level 5 of the Dungeon
  5066 | D:5      | Gained mutation: You have razor-sharp teeth. [Vine Stalker
                  | growth]
  5066 | D:5      | Reached XP level 8. HP: 41/42 MP: 12/14
  5076 | D:5      | Reached skill level 5 in Fighting
  5076 | D:5      | Reached skill level 5 in Maces & Flails
  5182 | D:5      | Found a burning altar of Makhleb.
  5640 | D:5      | Reached skill level 5 in Dodging
  6128 | D:6      | Reached XP level 9. HP: 48/48 MP: 16/16
  6460 | D:6      | Noticed Maggie
  6471 | D:6      | Killed Maggie
  6935 | D:7      | Found a staircase to the Ecumenical Temple.
  7174 | D:7      | Found a flagged portal.
  7212 | Bailey   | Entered a bailey
  7334 | Bailey   | Demolished by an orc warrior

Illustrated notes

Levels and vault maps discovered:
D:1:      dpeg_arrival_arbitrary_a, layout_loops_ring,
          hellmonk_ecumenical_altar_lost_god
D:2:      cheibrodos_pilgrimage, layout_basic, basic_altar
D:3:      layout_basic
D:4:      layout_basic, hangedman_decor_lopped, hangedman_abyss_or_decor_passed,
          uniq_eustachio
D:5:      layout_basic, makhleb_grotto_becter, grunt_ministairs_14
D:6:      layout_rooms, uniq_maggie
D:7:      layout_gridville, temple_doors_e, enter_bailey_4
Bailey:   bailey_polearm_5, bailey

Skill      XL: |  1  2  3  4  5  6  7  8  9 |
---------------+----------------------------+-----
Fighting       | 3 4 6 7 |  7.1
Maces & Flails | 3 4 6 7 |  7.1
Dodging        | 3 4 5 6 |  6.4
Spellcasting   | 1 2 3 4 |  4.2
Armour         | |  0.4
Stealth        | |  2.4

Action                   |  1- 3 |  4- 6 |  7- 9 || total
-------------------------+-------+-------+-------++-------
Melee: Mace              |   115 |   167 |   263 ||   545
       Bite              |    18 |    42 |   133 ||   193
       Punch             |     2 |     5 |     5 ||    12
       Whip              |       |       |    93 ||    93
  Use: Scroll            |       |       |     2 ||     2
 Stab: Sleeping          |     6 |     6 |     2 ||    14
Armor: Robe              |    27 |    46 |    63 ||   136
       Steam dragon scal |       |       |    25 ||    25
Dodge: Dodged            |    84 |   143 |   349 ||   576
